 Dungeon Crawl Stone Soup version 0.29-a0-393-g47a863cc1b (webtiles) character file.

Game seed: 9089504235745317734

2280 ders the Thaumaturge (level 9, -13/55 HPs)
             Began as a Djinni Conjurer on May 2, 2022.
             Was an Initiate of Ashenzari.
             Mangled by a warg (16 damage)
             ... on level 8 of the Dungeon on May 9, 2022.
             The game lasted 00:12:38 (9810 turns).

ders the Thaumaturge (Djinni Conjurer)              Turns: 9810, Time: 00:12:39

Health: -13/55     AC:  4    Str:  6    XL:     9   Next: 66%
Gold:   2706       EV: 12    Int: 25    God:    Ashenzari [......] SH:  0 Dex:  9

rFire   + . .      SeeInvis .   m - staff of air
rCold   . . .      Faith    .   (no shield)
rNeg    . . .      Spirit   .   a - +0 robe
rPois   ∞          Reflect  .   c - +1 helmet
rElec   +          Harm     .   (no cloak)
rCorr   .          Rampage  .   (no gloves)
Will    .....                   (boots unavailable)
Stlth   +.........              (no amulet)
HPRegen 0.18/turn               e - ring of ice
MPRegen 0.00/turn               f - ring of wizardry

@: flying, studying 2 skills
A: sickness immunity, fire resistance 2, cold vulnerability 1, float, innate
caster, HP casting, extra vitality 1, clumsy 1
a: Renounce Religion


You were on level 8 of the Dungeon.
You worshipped Ashenzari.
Ashenzari was noncommittal.
You visited 2 branches of the dungeon, and saw 9 of its levels.

You collected 2706 gold pieces.

Inventory:

Armour
 a - a +0 robe (worn)
 c - a +1 helmet (worn)
Magical Staves
 m - a staff of air (weapon)
Jewellery
 e - a ring of ice (left hand)
 f - a ring of wizardry (right hand)
 p - a +6 ring of dexterity
Scrolls
 g - 5 scrolls of amnesia
 i - a scroll of enchant armour
 j - a scroll of noise
 n - 3 scrolls of magic mapping
 o - a scroll of summoning
 q - a scroll of teleportation
 s - a scroll of blinking
 w - a scroll of enchant weapon {unknown}
 x - a scroll of fear
 y - 2 scrolls of fog {unknown}
Potions
 b - a potion of haste
 d - a potion of heal wounds {unknown}
 h - a potion of curing {unknown}
 k - a potion of might {unknown}
 l - a potion of brilliance {unknown}
 r - 2 potions of mutation
 t - a potion of flight {unknown}
 z - 2 potions of degeneration {unknown}
Miscellaneous
 v - a piece from Xom's chessboard (15/15)


   Skills:
 - Level 2.1 Dodging
 - Level 1.5 Stealth
 + Level 10.1 Spellcasting


You had 4 spell levels left.
You knew the following spells:

 Your Spells              Type           Power      Damage    Failure   Level
a - Magic Dart            Conj           100%       1d8       1%          1
b - Olgreb's Toxic Radia  Pois           58%        N/A       1%          4
c - Ignite Poison         Fire/Tmut/Pois 58%        N/A       1%          3
d - Fulminant Prism       Conj/Hex       29%        3d14      1%          4
e - Iskenderun's Mystic   Conj/Tloc      58%        2d12      1%          4
f - Beastly Appendage     Tmut           100%       N/A       1%          1
g - Corpse Rot            Necr/Air       100%       N/A       1%          2
h - Dazzling Flash        Conj/Hex       100%       N/A       1%          3
i - Searing Ray           Conj           100%       2d8       1%          2
Your spell library was empty.

Dungeon Overview and Level Annotations

Branches:
Dungeon (8/15)             Temple (1/1) D:7
   Lair: D:8-11

Altars:
Ashenzari
Cheibriados
Dithmenos
Elyvilon
Kikubaaqudgha
Makhleb
Okawaru
Ru
Sif Muna
Uskayaw
Xom
Yredelemnul
Zin
Lugonu

Shops:
D:3 =

Annotations:
D:4 Duvessa


Innate Abilities, Weirdness & Mutations

You are immune to sickness and miasma.
You are immune to poison.
Your flesh is very heat resistant. (rF++)
You are vulnerable to cold. (rC-)
You float through the air rather than walking.
You learn spells naturally, not from books.
Your magical power is your life essence.
You have superior vitality. (+4 MHP)
You are clumsy. (Dex -2)


Message History

Unknown command.
Casting: Olgreb's Toxic Radiance (safe; 1% risk of failure)
Confirm with . or Enter, or press ? or * to list all spells.
You erupt in a blast of force!
The mystic blast hits the warg!
The warg is heavily wounded.
The warg is knocked back by the mystic blast.
The orc is poisoned.
You hear a shout!
You hear a howl!
You hear a shout!
An orc warrior comes into view. It is wielding a +0 hand axe.
An orc priest comes into view. It is wielding a +0 club.
Casting: Iskenderun's Mystic Blast (safe; 1% risk of failure)
Confirm with . or Enter, or press ? or * to list all spells.
Your toxic radiance grows in intensity.
The orc priest is poisoned.
The orc warrior is poisoned.
You kill the orc!
The orc warrior looks even sicker.
The warg bites you.
The orc priest looks even sicker.
The warg bites you but does no damage.
Unknown command.
Casting: Olgreb's Toxic Radiance (safe; 1% risk of failure)
Confirm with . or Enter, or press ? or * to list all spells.
You erupt in a blast of force!
The mystic blast hits the warg!
The warg is severely wounded.
The warg is knocked back by the mystic blast.
The orc priest looks even sicker.
You hear a shout!
You hear a howl!
A warg comes into view.
An orc priest comes into view. It is wielding a +0 mace of holy wrath.
The orc priest calls down the wrath of Beogh upon you.
Beogh smites you!
* * * LOW HITPOINT WARNING * * *
Casting: Iskenderun's Mystic Blast (safe; 1% risk of failure)
Confirm with . or Enter, or press ? or * to list all spells.
Okay, then.
It was a potion of mutation.
You feel extremely strange.
You feel clumsy.
You kill the orc priest!
The orc warrior looks even sicker.
The orc priest is poisoned.
Your toxic aura wanes.
The warg bites you!
You die...

#....o ..)..
#...h #...o
#... #####..
......h######
...<...@....#
.......######
##.....
.......
#####.# #$ #.
#+


You could see 2 wargs, an orc warrior (very poisoned) and an orc priest
(poisoned).

Vanquished Creatures
  A steam dragon (D:7)
  An orc warrior (D:7)
  2 black bears
  A sky beast (D:7)
  4 centaurs
  A necrophage (D:4)
  A bullfrog (D:7)
  A kobold brigand (D:6)
  3 scorpions
  A water moccasin zombie (D:7)
  9 wights (D:7)
  Dowan (D:4)
  3 hounds
  A jelly (D:6)
  A gnoll shaman (D:6)
  2 orc priests (D:8)
  2 iguanas (D:5)
  Natasha (twice) (D:3)
  A howler monkey zombie (D:7)
  3 gnolls (D:6)
  9 adders
  A shadow imp (D:6)
  3 ufetubi
  2 worms (D:3)
  3 dart slugs
  11 orcs
  4 ball pythons
  5 endoplasms
  A giant cockroach (D:3)
  7 goblins
  7 hobgoblins
  2 jackals (D:3)
  11 kobolds
  3 quokkas
  8 bats
  2 frilled lizards
  4 rats
  A butterfly (D:4)
125 creatures vanquished.

Vanquished Creatures (others)
  37 fulminant prisms
37 creatures vanquished.

Grand Total: 162 creatures vanquished

Notes
Turn   | Place    | Note
-------+----------+-------------------------------------------
     0 | D:1      | ders the Djinni Conjurer began the quest for the Orb.
     0 | D:1      | Reached XP level 1. HP: 15/15 MP: 0/0
   192 | D:1      | Reached XP level 2. HP: 20/21 MP: 0/0
  1111 | D:1      | Reached XP level 3. HP: 22/25 MP: 0/0
  1111 | D:1      | Learned a level 1 spell: Beastly Appendage
  1190 | D:2      | Reached skill level 4 in Spellcasting
  1557 | D:2      | Reached XP level 4. HP: 28/31 MP: 0/0
  1848 | D:2      | Found a sacrificial altar of Ru.
  2098 | D:2      | Found a faded altar of an unknown god.
  2218 | D:3      | Found Asmaph's Jewellery Boutique.
  2325 | D:3      | Upgraded the game from 0.29-a0-371-g91724d5b39 to
                  | 0.29-a0-393-g47a863cc1b
  2445 | D:3      | Reached XP level 5. HP: 30/35 MP: 0/0
  2445 | D:3      | Learned a level 2 spell: Corpse Rot
  2662 | D:3      | Noticed Natasha
  2665 | D:3      | Killed Natasha
  2840 | D:3      | Reached skill level 5 in Spellcasting
  2947 | D:3      | Noticed Natasha
  2950 | D:3      | Killed Natasha
  3373 | D:4      | Found a shimmering altar of Xom.
  3381 | D:4      | Noticed Dowan
  3386 | D:4      | Noticed Duvessa
  3389 | D:4      | Killed Dowan
  3390 | D:4      | Reached XP level 6. HP: 31/40 MP: 0/0
  3675 | D:4      | Found a sacrificial altar of Ru.
  4035 | D:4      | Found a burning altar of Makhleb.
  4046 | D:4      | Reached skill level 6 in Spellcasting
  4046 | D:4      | Reached XP level 7. HP: 24/45 MP: 0/0
  4046 | D:4      | Learned a level 3 spell: Ignite Poison
  5126 | D:5      | Entered Level 5 of the Dungeon
  6210 | D:6      | Found a shadowy altar of Dithmenos.
  6250 | D:6      | Found a white marble altar of Elyvilon.
  6345 | D:6      | Reached skill level 7 in Spellcasting
  6345 | D:6      | Reached XP level 8. HP: 18/50 MP: 0/0
  7529 | D:7      | Reached skill level 8 in Spellcasting
  8197 | D:7      | Reached XP level 9. HP: 51/55 MP: 0/0
  8197 | D:7      | Learned a level 4 spell: Olgreb's Toxic Radiance
  8225 | D:7      | Reached skill level 9 in Spellcasting
  8549 | D:7      | Found a staircase to the Ecumenical Temple.
  8561 | Temple   | Entered the Ecumenical Temple
  8574 | Temple   | Became a worshipper of Ashenzari the Shackled
  8598 | D:7      | Identified 3 scrolls of acquirement
  8602 | D:7      | Acquired 1086 gold pieces
  8604 | D:7      | Acquired 1198 gold pieces
  8606 | D:7      | Acquired a manual of Fighting
  9645 | D:7      | Reached skill level 10 in Spellcasting
  9765 | D:7      | Found a basalt altar of Yredelemnul.
  9810 | D:8      | Gained mutation: You are clumsy. (Dex -2) [potion of
                  | mutation]
  9810 | D:8      | Mangled by a warg

Illustrated notes

Levels and vault maps discovered:
D:1:      minmay_arrival_four_circles, layout_basic
D:2:      layout_basic, basic_altar, hellmonk_ecumenical_altar_lost_god
D:3:      layout_loops_cross, general_overflow_altar, serial_shops, shop,
          minmay_fractal_squares_5, uniq_natasha
D:4:      layout_loops_corners, lightli_temple_of_fire, xom_butterflies,
          kennysheep_mini, serial_rivers, chequers_serial_rivers_marsh,
          chequers_serial_rivers_micro_a, chequers_serial_rivers_small_b,
          chequers_serial_rivers_small_b, chequers_serial_rivers_small_3,
          kennysheep_generic_room_2, uniq_duvessa
D:5:      layout_loops_ring
D:6:      layout_loops_ring, grunt_dithmenos_smoke_and_mirrors,
          lemuel_round_altar, minmay_manual_mares
D:7:      layout_gridville, lemuel_zombie_altar_yredelemnul, temple_green
D:8:      kennysheep_blocky_hall, layout_loops_corners,
          mainiacjoe_overflow_cross_hatched, kennysheep_little_box,
          mainiacjoe_overflow_concentric_impassable, erik_lair_orcish_takeover,
          minmay_shop_grid_forest, uniq_pikel
Temple:   corrupted_temple

Skill      XL: |  1  2  3  4  5  6  7  8  9 |
---------------+----------------------------+-----
Spellcasting   | 4 5 6 7 8 10 | 10.1
Dodging        | |  2.1
Stealth        | |  1.5

Action                   |  1- 3 |  4- 6 |  7- 9 || total
-------------------------+-------+-------+-------++-------
Melee: Staff             |       |     1 |     5 ||     6
 Cast: Magic Dart        |    56 |   103 |    49 ||   208
       Fulminant Prism   |       |     1 |    36 ||    37
       Iskenderun's Myst |       |     6 |    21 ||    27
       Searing Ray       |       |     2 |     2 ||     4
       Olgreb's Toxic Ra |       |       |    13 ||    13
       Ignite Poison     |       |       |     2 ||     2
  Use: Scroll            |       |     8 |    11 ||    19
       Potion            |       |       |     1 ||     1
 Stab: Sleeping          |       |     1 |       ||     1
Armor: Robe              |     1 |     3 |     2 ||     6
Dodge: Dodged            |     4 |     5 |     8 ||    17

Table legend: (Time is in decaauts)
 A = Elapsed time spent in this place.
 B = Non-inter-level travel time spent in this place.
 C = Inter-level travel time spent in this place.
 D = Time resting spent in this place.
 E = Time spent auto-exploring this place.
 F = Levels seen in this place.
 G = Mean time per level.
                   A        B        C        D        E       F      G
               +--------+--------+--------+--------+--------+-----+--------+
         Total |   9811 |   9196 |    615 |   2290 |   6177 |   9 | 1090.1 |
       Dungeon |   9565 |   8966 |    599 |   2071 |   6173 |   8 | 1195.6 |
        Temple |    246 |    230 |     16 |    219 |      4 |   1 |  246.0 |
               +--------+--------+--------+--------+--------+-----+--------+

Top non-repeatable levels by time:
     D:7: 1884 daAuts
     D:4: 1780 daAuts
     D:6: 1559 daAuts
     D:3: 1212 daAuts
     D:1: 1181 daAuts
     D:5: 987 daAuts
     D:2: 951 daAuts
  Temple: 246 daAuts
     D:8: 8 daAuts
